Map: Ulrena

Players

ILLBdA - Winner!

  • Race: Protoss Protoss
  • League: Diamond

CHAESTER

  • Race: Terran Terran
  • League: Diamond

VOD

Have the link to the VOD?

Description

Time

  • Played on: Jan. 3, 2016, 5:47 a.m.
  • Length: 5:35
Show
View Real Time Build Order
Export as new Build Order

ILLBdA Protoss - Winner!

Build Orders: Mass Adepts 

Get SALT Encoding   

  12  0:01  Probe (Chrono Boost)  
  13  0:11  Probe (Chrono Boost)  
  14  0:18  Pylon  
  14  0:23  Probe (Chrono Boost)  
  15  0:36  Probe (Chrono Boost)  
  15  0:38  Gateway  
  16  0:47  Probe (Chrono Boost)  
  17  0:50  Assimilator  
  17  0:56  Assimilator  
  17  0:57  Probe (Chrono Boost)  
  18  1:08  Probe (Chrono Boost)  
  18  1:09  Pylon  
  19  1:19  Probe (Chrono Boost)  
  20  1:26  Cybernetics Core  
  20  1:29  Probe (Chrono Boost)  
  21  1:36  Gateway  
  21  1:41  Probe (Chrono Boost)  
  22  1:51  Gateway  
  22  2:03  Mothership Core (Chrono Boost), Adept (Chrono Boost)  
  22  2:06  Warp Gate  
  26  2:24  Adept (Chrono Boost)  
  28  2:38  Adept (Chrono Boost)  
  30  2:46  Pylon  
  30  2:47  Pylon  
  34  3:08  Adept x2 (Chrono Boost)  
  34  3:18  Adept (Chrono Boost)  
  36  3:28  Pylon  
  38  3:35  Adept (Chrono Boost)  
  40  3:55  Robotics Facility  
  42  4:12  Adept x3  
  42  4:30  Probe  
  42  4:43  Observer (Chrono Boost)  
  42  4:55  Pylon x2  
  42  4:57  Pylon  
  42  5:02  Pylon  
  42  5:03  Pylon  
  42  5:04  Pylon  
  42  5:12  Observer (Chrono Boost)  
Show
View Real Time Build Order
Export as new Build Order

CHAESTER Terran 

Build Orders: 1/1/1 

Get SALT Encoding   

  12  0:00  SCV  
  13  0:12  SCV  
  14  0:18  Supply Depot  
  14  0:25  SCV  
  15  0:30  Refinery  
  15  0:40  SCV  
  16  0:45  Barracks  
  16  0:52  SCV  
  17  1:03  Supply Depot  
  18  1:04  SCV  
  18  1:16  SCV  
  19  1:32  Orbital Command  
  19  1:35  Factory  
  19  1:36  Marine  
  20  1:53  Marine  
  21  2:00  SCV  
  22  2:07  Engineering Bay  
  22  2:11  Marine  
  23  2:17  SCV  
  23  2:18  Widow Mine  
  23  2:20  Starport  
  26  2:22  Refinery  
  26  2:33  Marine  
  26  2:34  Missile Turret  
  26  2:36  SCV  
  28  2:41  Supply Depot  
  28  2:49  Widow Mine  
  30  2:55  Supply Depot  
  30  3:01  Bunker  
  30  3:07  Bunker  
  30  3:12  Starport Tech Lab  
Tags
 
Composition
Mass Adepts
Matchup
PvT
Opening
1/1/1
Replay Pack
me
Add a new tag
Caveats
  • Supply blocks, unpowered buildings, or Contaminate may cause inaccurate times.
  • Supply counts are checked every 10 seconds.